 Dungeon Crawl Stone Soup version 0.25-a0-1007-g10a8c3caa8 (webtiles) character file.

Game seed: 4714207521218532283, levelgen mode: deterministic

126 Flugslaktarn the Shield-Bearer (level 4, -7/41 HPs)
             Began as a Minotaur Fighter on May 11, 2020.
             Was a Follower of Trog.
             Mangled by an ogre
             ... wielding a +0 giant spiked club
              (24 damage)
             ... on level 4 of the Dungeon.
             The game lasted 00:00:47 (1326 turns).

Flugslaktarn the Shield-Bearer (Minotaur Fighter)   Turns: 1326, Time: 00:00:48

Health: -7/41      AC:  9    Str: 21    XL:     4   Next: 83%
Magic:  3/3        EV:  5    Int:  5    God:    Trog [*.....]
Gold:   70         SH:  9    Dex: 10    Spells: 3/3 levels left

rFire    . . .     SeeInvis .   a - +0 war axe
rCold    . . .     Gourm    .   c - +0 kite shield
rNeg     . . .     Faith    .   j - +0 chain mail
rPois    .         Spirit   .   (helmet restricted)
rElec    .         Reflect  .   (no cloak)
rCorr    .         Harm     .   (no gloves)
MR       .....                  (no boots)
Stlth    ..........             (no amulet)
HPRegen  0.13/turn              (no ring)
MPRegen  0.08/turn              (no ring)

@: no status effects
A: retaliatory headbutt, horns 2
a: Berserk, Renounce Religion


You were on level 4 of the Dungeon.
You worshipped Trog.
Trog was aware of your devotion.
You were hungry.

You visited 1 branch of the dungeon, and saw 4 of its levels.

You collected 70 gold pieces.

Inventory:

Hand Weapons
 a - a +0 war axe (weapon)
Missiles
 l - a throwing net (quivered)
Armour
 b - a +0 scale mail
 c - a +0 kite shield (worn)
 j - a +0 chain mail (worn)
   (You found it on level 2 of the Dungeon)
Jewellery
 n - a +4 ring of slaying {unknown}
   (You found it on level 3 of the Dungeon)
Scrolls
 g - 2 scrolls of magic mapping {unknown}
 h - a scroll of remove curse {unknown}
 i - 3 scrolls of immolation {unknown}
 k - 2 scrolls of identify {unknown}
 m - a scroll of fog {unknown}
Potions
 d - 3 potions of might
Comestibles
 e - 3 rations
 f - 5 chunks of flesh


   Skills:
 + Level 4.4 Fighting
 * Level 4.2 Axes
 + Level 4.4 Armour
 + Level 4.4 Shields


You had 3 spell levels left.
You didn't know any spells.
Your spell library was empty.

Dungeon Overview and Level Annotations

Branches:
Dungeon (4/15)
 Temple: D:4-7

Altars:
Qazlal
Ru
Trog


Innate Abilities, Weirdness & Mutations

You reflexively headbutt those who attack you in melee.
You have a pair of horns on your head.


Message History

The ogre is moderately wounded.
You hit the adder. You closely miss something. You slash the orc!
You kill the orc!
Trog accepts your kill. You block the adder's attack.
The ogre hits you with a +0 giant spiked club!
Something hits you but does no damage. The adder bites you but does no damage.
You closely miss the ogre.
The ogre is moderately wounded.
You miss something. You barely miss the adder.
The adder bites you but does no damage. Something hits you but does no damage.
You block the ogre's attack. The adder bites you but does no damage.
Something hits you but does no damage.
You hit the ogre.
The ogre is heavily wounded.
You miss the adder. You hit something but do no damage.
The adder bites you but does no damage.
The ogre hits you with a +0 giant spiked club!!
Ouch! That really hurt!
You die...

## .#.#.# ...#...#
#/#.#.#.#
#...#...######.###
#.#.#.#..........
#...#...<#
#o#)#..## #O@{...#
#Z#S###...# #...#.
.### #.#.# ## #l
#...# #. #.#.# #
...# .#


You could see an ogre, an orc wizard, an adder and an adder skeleton.

Vanquished Creatures
  An orc wizard (D:4)
  2 adders
  An ooze (D:3)
  A worm (D:3)
  A dart slug (D:3)
  A leopard gecko (D:4)
  12 orcs
  5 bats
  A giant cockroach (D:3)
  7 goblins
  7 hobgoblins
  5 kobolds
  A quokka (D:2)
  2 ball pythons (D:3)
  A frilled lizard (D:2)
  5 rats
53 creatures vanquished.

Notes
Turn   | Place    | Note
-------+----------+-------------------------------------------
     0 | D:1      | Flugslaktarn the Minotaur Fighter began the quest for the
                  | Orb.
     0 | D:1      | Reached XP level 1. HP: 19/19 MP: 0/0
   108 | D:2      | Found a stormy altar of Qazlal.
   113 | D:2      | Reached XP level 2. HP: 27/27 MP: 1/1
   282 | D:3      | Found a bloodstained altar of Trog.
   299 | D:3      | Became a worshipper of Trog the Wrathful
   349 | D:3      | Reached XP level 3. HP: 28/33 MP: 2/2
   765 | D:3      | Found a sacrificial altar of Ru.
  1231 | D:3      | Reached XP level 4. HP: 40/40 MP: 3/3
  1317 | D:4      | Noticed an ogre
  1323 | D:4      | Reached * piety under Trog
  1326 | D:4      | Mangled by an ogre

Illustrated notes

Levels and vault maps discovered:
D:1:      dpeg_arrival_court, layout_basic, minmay_misc_feat_secret_circle
D:2:      layout_basic, lemuel_crystal_altar, first_ration
D:3:      layout_loops_cross, nicolae_ru_path_of_blood, minmay_misc_feat_square,
          trog_hazing_becter
D:4:      layout_loops_ring, eat_drink_and_be_merry_uskayaw,
          kennysheep_crisscross, uniq_edmund

Skill      XL: |  1  2  3  4 |
---------------+-------------+-----
Axes           | 3 4 |  4.2
Fighting       | 4 |  4.4
Armour         | 4 |  4.4
Shields        | 4 |  4.4

Action                   |  1- 3 |  4- 6 || total
-------------------------+-------+-------++-------
Melee: War axe           |   102 |    15 ||   117
       Headbutt          |    14 |     3 ||    17
  Eat: Chunk             |     1 |       ||     1
Armor: Scale mail        |    11 |       ||    11
       Chain mail        |    45 |    20 ||    65
Dodge: Dodged            |    16 |     5 ||    21
Block: Kite shield       |    58 |     9 ||    67

Table legend:
 A = Non-vault XP
 B = Vault XP
 C = Vault XP percentage of total XP
 D = Non-vault monster count
 E = Vault monster count
 F = Vault count percentage of total count
                 A         B        C        D         E       F
            +---------+---------+-------+---------+---------+-------
      Total |     170 |      10 |   5.6 |      47 |       6 |  11.3
            +---------+---------+-------+---------+---------+-------
        D:1 |       7 |       0 |   0.0 |       5 |       0 |   0.0
        D:2 |      15 |       0 |   0.0 |       8 |       0 |   0.0
        D:3 |      76 |      10 |  11.6 |      27 |       6 |  18.2
        D:4 |      72 |       0 |   0.0 |       7 |       0 |   0.0
            +---------+---------+-------+---------+---------+-------
